Map: Dasan Station LE

Players

Bee

  • Race: Terran Terran
  • League: Bronze
  • Spawn Location: 12:00

Fropez - Winner!

  • Race: Protoss Protoss
  • League: Gold
  • Spawn Location: 6:00

VOD

Have the link to the VOD?

Description

Time

  • Played on: Sept. 23, 2016, 11:31 a.m.
  • Length: 11:54
Show
View Real Time Build Order
Export as new Build Order

Bee Terran 

Build Orders: Reaper Expand, MMM Bio 

Get SALT Encoding   

  12  0:01  SCV  
  13  0:13  SCV  
  14  0:17  Supply Depot  
  14  0:25  SCV  
  15  0:38  SCV  
  15  0:40  Barracks  
  16  0:44  Refinery  
  16  0:51  SCV  
  17  1:03  SCV  
  18  1:15  SCV  
  19  1:27  Reaper  
  19  1:31  Command Center  
  19  1:32  SCV  
  21  1:43  Supply Depot  
  21  1:44  SCV  
  22  1:53  Refinery  
  22  1:58  Orbital Command  
  22  2:11  Marine  
  23  2:23  Barracks  
  23  2:28  SCV  
  23  2:38  Barracks Tech Lab  
  23  2:49  SCV  
  23  2:51  SCV  
  25  3:03  SCV  
  25  3:04  Marine  
  27  3:11  Barracks Reactor  
  27  3:17  Orbital Command, Factory  
  27  3:22  Marine  
  28  3:38  Combat Shields  
  28  3:40  Marine  
  29  3:43  Engineering Bay  
  29  3:47  Bunker  
  29  3:48  SCV  
  29  3:52  SCV  
  29  3:53  Marine x2  
  33  3:58  Marine  
  33  4:02  Widow Mine, Engineering Bay  
  36  4:04  SCV  
  36  4:05  Starport  
  37  4:11  Marine  
  37  4:16  Marine  
  39  4:28  Missile Turret  
  39  4:29  Marine, Missile Turret  
  39  4:30  Marine  
  41  4:34  Marine  
  42  4:39  Terran Infantry Weapons Level 1  
  42  4:40  SCV  
  42  4:43  Refinery  
  43  4:45  Refinery  
  43  4:46  Medivac  
  43  4:47  Marine  
  46  4:58  Barracks  
  46  5:02  Factory Tech Lab  
  46  5:03  Supply Depot  
  46  5:05  Terran Infantry Armor Level 1  
  46  5:20  Starport Reactor  
  46  5:24  Marine x2  
  46  5:25  Siege Tank, SCV, Stimpack  
  46  5:27  Supply Depot  
  46  5:28  SCV  
  53  5:33  Marine  
  54  5:44  Supply Depot  
  54  5:46  Barracks Reactor  
  54  5:48  Marine x2, Supply Depot  
  54  5:49  SCV x2  
  58  5:58  Siege Tank  
  58  6:01  SCV  
  62  6:05  SCV  
  62  6:06  Medivac x2  
  67  6:12  Supply Depot x2  
  67  6:18  SCV  
  68  6:19  SCV  
  69  6:30  SCV  
  70  6:45  Armory  
  70  6:54  Marine x3  
  70  6:57  Marine x2  
  70  6:59  Siege Tank  
  77  7:05  Armory  
  77  7:11  Marine, Command Center  
  77  7:14  Marine x2  
  77  7:15  Marine  
  81  7:34  Terran Vehicle Weapons Level 1  
  81  7:36  Supply Depot  
  81  7:39  Supply Depot  
  81  7:56  Marine x3  
  84  8:03  Marine x2  
  84  8:04  Missile Turret  
  81  8:14  Marine x3  
  73  8:20  Marine  
  73  8:26  SCV  
  75  8:27  Marine  
  75  8:32  Marine x2  
  76  8:35  Marine  
  76  8:38  Marine  
  76  8:39  SCV  
  71  8:43  Terran Infantry Weapons Level 2  
  71  8:45  Marine  
  72  8:49  Terran Infantry Armor Level 2  
  72  8:50  Marine  
  72  8:51  SCV  
  74  8:58  Siege Tank  
  77  9:03  SCV  
  78  9:11  Missile Turret x2  
  78  9:15  SCV, Terran Vehicle And Ship Armor Level 1  
  71  9:27  Marine x4  
  75  9:35  SCV  
  76  9:43  Marine  
  76  9:44  Marine  
  76  9:45  Marine x2  
  80  9:47  SCV  
  81  9:58  SCV  
  81  10:00  Marine  
  81  10:01  Marine  
  81  10:02  Marine x2  
  85  10:10  SCV  
  86  10:23  SCV  
  84  10:34  Marine x3  
  84  10:35  Marine, Siege Tank  
  89  10:37  Marine  
  91  10:52  Marine  
  92  11:00  Barracks Reactor  
  92  11:08  Siege Tank  
  95  11:11  Marine x2  
  95  11:12  Marine  
  97  11:29  Marine  
Show
View Real Time Build Order
Export as new Build Order

Fropez Protoss - Winner!

Build Orders: 1 Gate Expand 

Get SALT Encoding   

  12  0:01  Probe (Chrono Boost)  
  13  0:11  Probe (Chrono Boost)  
  14  0:18  Pylon  
  14  0:22  Probe (Chrono Boost)  
  15  0:37  Probe (Chrono Boost)  
  15  0:38  Gateway  
  16  0:44  Assimilator  
  16  0:47  Probe (Chrono Boost)  
  17  0:58  Probe (Chrono Boost)  
  18  1:17  Nexus  
  18  1:19  Probe (Chrono Boost)  
  19  1:30  Cybernetics Core  
  19  1:42  Probe (Chrono Boost)  
  20  1:47  Pylon  
  20  1:52  Pylon  
  20  1:53  Probe (Chrono Boost)  
  21  2:00  Pylon  
  21  2:03  Probe (Chrono Boost)  
  21  2:07  Adept  
  23  2:15  Mothership Core (Chrono Boost)  
  25  2:23  Assimilator  
  24  2:33  Probe (Chrono Boost)  
  24  2:41  Probe (Chrono Boost)  
  24  2:42  Adept  
  27  2:47  Probe (Chrono Boost)  
  28  2:57  Pylon, Probe (Chrono Boost)  
  28  2:58  Probe (Chrono Boost)  
  30  3:10  Probe (Chrono Boost)  
  31  3:13  Probe (Chrono Boost)  
  32  3:20  Probe (Chrono Boost), Warp Gate (Chrono Boost)  
  32  3:21  Gateway  
  33  3:27  Probe  
  33  3:29  Twilight Council  
  33  3:32  Probe  
  33  3:44  Assimilator  
  33  3:47  Probe  
  34  3:49  Probe  
  34  3:51  Pylon  
  35  3:59  Probe  
  35  4:02  Adept, Gateway  
  38  4:26  Adept  
  38  4:29  Resonating Glaives (Chrono Boost)  
  40  4:33  Adept  
  40  4:43  Gateway  
  40  4:48  Probe  
  40  4:49  Probe  
  40  4:50  Pylon  
  42  4:58  Robotics Facility  
  42  5:00  Probe  
  42  5:01  Probe, Assimilator  
  42  5:05  Pylon  
  44  5:10  Pylon  
  44  5:14  Probe  
  44  5:15  Probe  
  44  5:18  Dark Shrine  
  46  5:25  Adept  
  46  5:26  Adept x2, Probe  
  53  5:46  Adept x3  
  53  5:47  Probe  
  60  5:52  Gateway  
  60  5:53  Warp Prism (Chrono Boost)  
  62  5:59  Pylon  
  62  6:01  Probe  
  62  6:02  Forge  
  63  6:07  Adept x3  
  63  6:10  Adept  
  72  6:25  Observer (Chrono Boost)  
  72  6:35  Adept x2  
  72  6:36  Adept x2  
  80  6:46  Probe  
  81  6:54  Protoss Ground Weapons Level 1  
  77  7:09  Probe x2  
  79  7:18  Gateway  
  79  7:21  Probe x2  
  81  7:24  Gateway x2  
  81  7:33  Dark Templar x4  
  81  7:35  Dark Templar  
  91  7:39  Nexus  
  91  7:42  Pylon  
  91  7:43  Pylon  
  83  8:06  Dark Templar x3  
  61  8:51  Adept x2  
  61  8:52  Adept x5  
  75  9:02  Probe  
  76  9:22  Zealot  
  76  9:23  Zealot x5  
  76  9:24  Zealot  
  82  9:44  Probe x2  
  84  9:55  Assimilator  
  84  9:57  Assimilator  
  82  10:02  Dark Templar  
  82  10:03  Dark Templar  
  86  10:13  Dark Templar  
  81  10:25  Dark Templar  
  79  10:28  Dark Templar  
  79  10:29  Zealot  
  79  10:30  Zealot x2  
  75  11:02  Dark Templar  
  75  11:06  Probe  
  75  11:07  Probe  
  70  11:20  Dark Templar  
  70  11:30  Dark Templar  
  71  11:41  Probe  
  71  11:42  Probe  
Tags
 
Add a new tag
Caveats
  • Supply blocks, unpowered buildings, or Contaminate may cause inaccurate times.
  • Supply counts are checked every 10 seconds.